 Dungeon Crawl Stone Soup version 0.30-a0-857-gcaf70739d4 (webtiles) character file.

Game seed: 3797568575972747300

58 oldriver the Shooter (level 4, 0/38 HPs)
             Began as a Meteoran Hunter on Mar 5, 2023.
             Slain by Pargi (2 damage)
             ... in a sewer.
             The game lasted 00:03:31 (743 turns).

oldriver the Shooter (Meteoran Hunter)               Turns: 743, Time: 00:03:32

Health: 0/38       AC:  4    Str: 13    XL:     4   Next: 44%
Magic:  5/5        EV: 12    Int: 10    God:
Gold:   69         SH:  0    Dex: 19    Spells: 3/3 levels left

rFire   . . .      SeeInvis .    a - +2 shortbow
rCold   . . .      Faith    .    (shield currently unavailable)
rNeg    . . .      Spirit   .    c - +1 leather armour
rPois   .          Reflect  .    (no helmet)
rElec   .          Rampage  .    (no cloak)
rCorr   .                        (no gloves)
Will    .....                    (no boots)
Stlth   +                        (no amulet)
HPRegen 0.26/turn                (no ring)
MPRegen 0.09/turn                (no ring)

@: flying, hasted, glowing, very quick
A: sense surroundings 1, otherworldly, glowing, explore regen
a: no special abilities


You were in a sewer.
You visited 1 branch of the dungeon, and saw 3 of its levels.
You also visited: Sewer.

You collected 69 gold pieces.

Inventory:

Hand Weapons
 a - a +2 shortbow (weapon)
Armour
 c - a +1 leather armour (worn)
Jewellery
 h - a ring of protection from cold
Scrolls
 b - a scroll of immolation
 i - a scroll of vulnerability
Potions
 f - a potion of flight


   Skills:
 + Level 3.1 Fighting
 * Level 5.5 Ranged Weapons
 - Level 2.4 Dodging
 - Level 0.6 Stealth


You had 3 spell levels left.
You didn't know any spells.
Your spell library was empty.

Dungeon Overview and Level Annotations

Branches:
Dungeon (3/15) Zot: 1095    Sewer (1/1) Zot: 529

Altars:

Annotations:
Sewer Pargi


Innate Abilities, Weirdness & Mutations

You passively map a small area around you.
You are easily found by Zot.
You glow in the dark.
You regain HP and MP as you explore.


Message History

You aren't carrying any items that you can evoke.
Fire: a) +2 shortbow
Press: ? - help, Shift-Dir - straight line, f/p - Pargi
Aim: Pargi (60% to hit)
You shoot an arrow. The arrow hits Pargi!
Pargi is moderately wounded.
Fire: a) +2 shortbow
Press: ? - help, Shift-Dir - straight line, f/p - Pargi
Aim: Pargi (moderately wounded, 60% to hit)
You shoot an arrow. The arrow closely misses Pargi.
Sorry, you're not good enough to have a special ability.
Unknown command.
As you read the scroll labelled DYMEYSH JOURE, it crumbles to dust.
It is a scroll of identify.
You don't currently have any unidentified items.
Fire: a) +2 shortbow
Press: ? - help, Shift-Dir - straight line, f/p - Pargi
Aim: Pargi (moderately wounded, 60% to hit)
You shoot an arrow. The arrow hits Pargi!
Pargi is heavily wounded.
Pargi bites you.
* * * LOW HITPOINT WARNING * * *
Pargi claws you.
* * * LOW HITPOINT WARNING * * *
Pargi claws you but does no damage.
Fire: a) +2 shortbow
Press: ? - help, Shift-Dir - straight line, f/p - Pargi
Aim: Pargi (heavily wounded, 60% to hit)
You shoot an arrow. The arrow hits Pargi!
Pargi is severely wounded.
Pargi bites you.
* * * LOW HITPOINT WARNING * * *
Pargi claws you but does no damage. x2
Fire: a) +2 shortbow
Press: ? - help, Shift-Dir - straight line, f/p - Pargi
Aim: Pargi (severely wounded, 60% to hit)
You shoot an arrow. The arrow barely misses Pargi.
Pargi bites you.
* * * LOW HITPOINT WARNING * * *
Pargi claws you.
You die...

*
##########
,
+.~≈~.'..#
#.~≈~.# * *
#.~≈~.####
,+.~≈~.'..#
#.~≈~.####
*
*#.~≈~.####
*
+.~≈~T†.)#
#.~≈~@####
#.~≈~.####
,+..∩....∩#
#.~≈~.####
#.~≈~.####
+.~≈~.).)#
*
#.~≈~.####
#.~≈~.####
,
+.~≈~.†..#


You could see Pargi.

Vanquished Creatures
  2 adders
  A worm (D:3)
  3 dart slugs (D:1)
  2 ball pythons
  2 bats (D:1)
  2 endoplasms
  A giant cockroach (D:3)
  3 goblins
  2 hobgoblins
  A quokka (D:2)
  5 frilled lizards
  5 kobolds
  2 rats (D:1)
31 creatures vanquished.

Notes
Turn   | Place    | Note
-------+----------+-------------------------------------------
     0 | D:1      | oldriver the Meteoran Hunter began the quest for the Orb.
     0 | D:1      | Reached XP level 1. HP: 17/17 MP: 2/2
   214 | D:1      | Reached XP level 2. HP: 23/25 MP: 3/3
   462 | D:1      | Reached XP level 3. HP: 25/30 MP: 4/4
   466 | D:1      | Reached skill level 5 in Ranged Weapons
   625 | D:3      | Reached XP level 4. HP: 35/37 MP: 5/5
   664 | D:3      | Found a glowing drain.
   673 | Sewer    | Entered a sewer
   723 | Sewer    | Noticed Pargi
   743 | Sewer    | Slain by Pargi

Illustrated notes

Levels and vault maps discovered:
D:1:      dpeg_chamrin_arrival_tetris, layout_basic
D:2:      layout_basic, dreamdust_ecumenical_altar_sealed_demon, basic_altar
D:3:      layout_rooms, portal_sewer_entry_d, st_stairs_6
Sewer:    kennysheep_door_sewer

Skill      XL: |  1  2  3  4 |
---------------+-------------+-----
Ranged Weapons | 5 |  5.5
Fighting       | 3 |  3.1
Dodging        | |  2.4
Stealth        | |  0.6

Action                     |  1- 3 |  4- 6 || total
---------------------------+-------+-------++-------
   Fire: Shortbow          |    68 |    40 ||   108
    Use: Scroll            |     5 |     1 ||     6
         Potion            |       |     4 ||     4
 Armour: Leather armour    |    14 |    12 ||    26
  Dodge: Dodged            |    26 |    12 ||    38

Table legend: (Time is in decaauts)
 A = Elapsed time spent in this place.
 B = Non-inter-level travel time spent in this place.
 C = Inter-level travel time spent in this place.
 D = Time resting spent in this place.
 E = Time spent auto-exploring this place.
 F = Levels seen in this place.
 G = Mean time per level.
                   A        B        C        D        E       F      G
               +--------+--------+--------+--------+--------+-----+--------+
         Total |    774 |    755 |     19 |     22 |      0 |   4 |  193.5 |
       Dungeon |    704 |    685 |     19 |     22 |      0 |   3 |  234.7 |
         Sewer |     69 |     69 |      0 |      0 |      0 |   1 |   69.0 |
               +--------+--------+--------+--------+--------+-----+--------+

Top non-repeatable levels by time:
     D:1: 517 daAuts
     D:2: 121 daAuts
   Sewer: 69 daAuts
     D:3: 65 daAuts
